 Dungeon Crawl Stone Soup version 0.31-a0-175-g9f7f995f2b (webtiles) character file.

Game seed: 10985462301253978611

751 Maxmaps the Skirmisher (level 8, 0/56 HPs)
             Began as a Formicid Hunter on June 17, 2023.
             Slain by a killer bee (1 damage)
             ... on level 5 of the Dungeon.
             The game lasted 00:05:55 (3591 turns).

Maxmaps the Skirmisher (Formicid Hunter)            Turns: 3591, Time: 00:05:57

Health: 0/56       AC: 10    Str: 17    XL:     8   Next: 6%
Magic:  8/8        EV: 10    Int: 10    God:
Gold:   194        SH:  0    Dex: 19    Spells: 7/7 levels left

rFire   . . .        a - +0 shortbow
rCold   . . .        (no shield)
rNeg    + . .        k - +4 scale mail of Snakes and Ladders {rPois rN+ Str+2}
rPois   +            (helmet unavailable)
rElec   .            l - scarf {+Inv}
rCorr   .            (no gloves)
SInv    +            (no boots)
Will    .....        (no amulet)
Stlth   +            (no ring)
HPRegen 0.29/turn    (no ring)
MPRegen 0.11/turn

%: no passive effects
@: no status effects
A: permanent stasis, dig shafts and tunnels, antennae 3, four strong arms
a: Dig, Shaft Self, Evoke Invisibility


You were on level 5 of the Dungeon.
You visited 1 branch of the dungeon, and saw 5 of its levels.

You collected 194 gold pieces.

Inventory:

Hand Weapons
 a - a +0 shortbow (weapon)
Armour
 c - a +0 leather armour
 k - the +4 scale mail of Snakes and Ladders (worn) {rPois rN+ Str+2}
   (You found it on level 4 of the Dungeon)

   Str:       It affects your strength (+2).
   rPois:     It protects you from poison.
   rN:        It protects you from negative energy.
 l - a scarf of invisibility (worn)
Jewellery
 f - a ring of wizardry
 i - a ring of poison resistance
 o - a ring of flight
Scrolls
 b - a scroll of butterflies
 g - a scroll of revelation
 h - 5 scrolls of identify
 n - a scroll of poison
Potions
 d - a potion of enlightenment {unknown}
 e - a potion of brilliance
 j - a potion of heal wounds
 m - 2 potions of mutation
 p - 2 potions of attraction


   Skills:
 - Level 2.1 Fighting
 + Level 9.3 Ranged Weapons
 - Level 1.7 Dodging
 - Level 1.2 Stealth


You had 7 spell levels left.
You didn't know any spells.
Your spell library contained the following spells:

 Spells                   Type           Power      Damage    Failure   Level
 Apportation              Tloc           0%         N/A       80%         1
 Lesser Beckoning         Tloc           0%         N/A       91%         2
 Scorch                   Fire           0%         2d5       91%         2
 Gell's Gravitas          Tloc           0%         N/A       99%         3
 Inner Flame              Hex/Fire       0%         N/A       99%         3
 Teleport Other           Tloc           0%         N/A       99%         3
 Flame Wave               Conj/Fire      0%         2d4       100%        4
 Alistair's Intoxication  Tmut/Pois      0%         N/A       100%        5
 Summon Forest            Summ/Tloc      0%         N/A       100%        5
 Summon Mana Viper        Hex/Summ       0%         N/A       100%        5
 Yara's Violent Unravell  Hex/Tmut       0%         3d3       100%        5
 Summon Cactus Giant      Summ           0%         N/A       100%        6
 Enfeeble                 Hex            0%         N/A       100%        7


Dungeon Overview and Level Annotations

Branches:
Dungeon (5/15)
 Temple: D:4-7

Altars:
Elyvilon
Kikubaaqudgha
Zin
The Shining One

Annotations:
D:3 1 runed translucent door, ragingrage's ghost, amateur NaWn


Innate Abilities, Weirdness & Mutations

You cannot be hasted, slowed, berserked, paralysed or teleported.
You can dig through walls and to a lower floor.
You have a pair of large antennae on your head. (SInv)
Your four strong arms can wield two-handed weapons with a shield.


Message History

The arrow closely misses the killer bee.
The killer bee closely misses you. x2
Unknown command.
Unknown command.
Fire: a) +0 shortbow
Press: ? - help, Shift-Dir - straight line, f/p - killer bee
Aim: a killer bee (heavily wounded, 42% to hit)
You shoot an arrow. The arrow barely misses the killer bee.
The killer bee stings you.
* * * LOW HITPOINT WARNING * * *
The killer bee stings you.
* * * LOW HITPOINT WARNING * * *
Fire: a) +0 shortbow
Press: ? - help, Shift-Dir - straight line, f/p - killer bee
Aim: a killer bee (heavily wounded, 42% to hit)
You shoot an arrow. The arrow barely misses the killer bee.
The killer bee completely misses you.
The killer bee stings you but does no damage.
Unknown command.
Fire: a) +0 shortbow
Press: ? - help, Shift-Dir - straight line, f/p - killer bee
Aim: a killer bee (heavily wounded, 42% to hit)
You shoot an arrow. The arrow hits the killer bee.
The killer bee is almost dead.
The killer bee barely misses you. The killer bee misses you.
The killer bee closely misses you.
Fire: a) +0 shortbow
Press: ? - help, Shift-Dir - straight line, f/p - killer bee
Aim: a killer bee (almost dead, 42% to hit)
You shoot an arrow. The arrow misses the killer bee.
The killer bee stings you but does no damage.
The killer bee barely misses you.
Unknown command.
Fire: a) +0 shortbow
Press: ? - help, Shift-Dir - straight line, f/p - killer bee
Aim: a killer bee (almost dead, 42% to hit)
You shoot an arrow. The arrow misses the killer bee.
The killer bee stings you!
* * * LOW HITPOINT WARNING * * *
The killer bee stings you.
You die...

...........##.#
.....(.....##.##
......>....##..##
................#
...........###..#
.......†..## ####
..#.y..y##
##.##y## # ##@#
###


You could see 2 killer bees.

Vanquished Creatures
  A phantom (D:4)
  2 scorpions (D:5)
  3 killer bees (D:5)
  2 jellies
  2 hounds
  Jessica (D:2)
  3 iguanas
  An orc wizard (D:3)
  Robin (D:2)
  4 gnolls (D:3)
  3 adders
  An ufetubus (D:4)
  A worm (D:3)
  3 dart slugs
  6 orcs (D:3)
  A bat skeleton (D:2)
  9 endoplasms
  3 giant cockroaches
  9 goblins
  13 hobgoblins
  8 kobolds
  2 quokkas (D:4)
  5 ball pythons
  A ball python skeleton (D:2)
  2 bats
  6 frilled lizards
  7 rats
100 creatures vanquished.

Notes
Turn   | Place    | Note
-------+----------+-------------------------------------------
     0 | D:1      | Maxmaps the Formicid Hunter began the quest for the Orb.
     0 | D:1      | Reached XP level 1. HP: 16/16 MP: 1/1
    41 | D:1      | Reached XP level 2. HP: 22/22 MP: 2/2
   234 | D:1      | Reached XP level 3. HP: 27/27 MP: 3/3
   367 | D:1      | Reached skill level 5 in Ranged Weapons
   373 | D:1      | Found a faded altar of an unknown god.
   785 | D:2      | Noticed Jessica
   794 | D:2      | Killed Jessica
   795 | D:2      | Reached XP level 4. HP: 27/33 MP: 4/4
  1077 | D:2      | Noticed Robin
  1080 | D:2      | Killed Robin
  1126 | D:2      | Reached XP level 5. HP: 38/38 MP: 5/5
  1331 | D:3      | Reached skill level 6 in Ranged Weapons
  1393 | D:3      | Noticed ragingrage's ghost (amateur NaWn)
  1429 | D:3      | HP: 1/38 [orc wizard/+0 dagger (1)]
  1878 | D:3      | Reached XP level 6. HP: 44/44 MP: 6/6
  1939 | D:3      | Reached skill level 7 in Ranged Weapons
  2094 | D:3      | Identified the +2 whip of the Blind Eye {freeze, rCorr
                  | SInv}
  2163 | D:3      | Found a runed translucent door.
  2348 | D:3      | Identified the +3 glaive of Conformity {heavy, rN+ Dex+2}
  2732 | D:4      | Found a glowing silver altar of Zin.
  2733 | D:4      | Found a white marble altar of Elyvilon.
  2734 | D:4      | Found a glowing golden altar of the Shining One.
  2761 | D:4      | Identified the +4 scale mail of Snakes and Ladders {rPois
                  | rN+ Str+2}
  3003 | D:4      | Found an ancient bone altar of Kikubaaqudgha.
  3144 | D:4      | Reached XP level 7. HP: 50/50 MP: 7/7
  3157 | D:4      | Reached skill level 8 in Ranged Weapons
  3354 | D:5      | Entered Level 5 of the Dungeon
  3565 | D:5      | Reached skill level 9 in Ranged Weapons
  3575 | D:5      | Reached XP level 8. HP: 49/55 MP: 8/8
  3591 | D:5      | HP: 1/56 [killer bee (8)]
  3591 | D:5      | Slain by a killer bee

Illustrated notes

Levels and vault maps discovered:
D:1:      erik_arrival_triangle_medium, layout_rooms,
          hellmonk_ecumenical_altar_lost_god
D:2:      layout_basic, serial_undead, serial_undead_e, serial_undead_f,
          serial_undead_e, serial_undead_d, nicolae_figureground_pulse,
          uniq_jessica, uniq_robin
D:3:      layout_basic, hellmonk_ghost_happy_afterlife
D:4:      layout_loops_ring, good_gods_temple_1,
          mainiacjoe_overflow_concentric_impassable
D:5:      layout_rooms, general_overflow_altar, ebering_ghost_disaster_area,
          hex_medium, kennysheep_cross_bottleneck

Skill      XL: |  1  2  3  4  5  6  7 |
---------------+----------------------+-----
Ranged Weapons | 5 6 7 9 |  9.3
Fighting       | |  2.1
Dodging        | |  1.7
Stealth        | |  1.2

Action                     |  1- 3 |  4- 6 |  7- 9 || total
---------------------------+-------+-------+-------++-------
   Fire: Shortbow          |   107 |   182 |    90 ||   379
Ability: Dig               |       |       |     1 ||     1
    Use: Scroll            |       |     9 |       ||     9
         Potion            |       |       |     2 ||     2
 Armour: Leather armour    |    10 |     4 |       ||    14
         Scale mail        |       |     3 |    42 ||    45
  Dodge: Dodged            |    34 |    29 |    55 ||   118

Table legend: (Time is in decaauts)
 A = Elapsed time spent in this place.
 B = Non-inter-level travel time spent in this place.
 C = Inter-level travel time spent in this place.
 D = Time resting spent in this place.
 E = Time spent auto-exploring this place.
 F = Levels seen in this place.
 G = Mean time per level.
                   A        B        C        D        E       F      G
               +--------+--------+--------+--------+--------+-----+--------+
         Total |   3649 |   3542 |    107 |     31 |   2810 |   5 |  729.8 |
       Dungeon |   3649 |   3542 |    107 |     31 |   2810 |   5 |  729.8 |
               +--------+--------+--------+--------+--------+-----+--------+

Top non-repeatable levels by time:
     D:3: 1249 daAuts
     D:4: 812 daAuts
     D:2: 761 daAuts
     D:1: 577 daAuts
     D:5: 249 daAuts
